 Dungeon Crawl Stone Soup version 0.31-a0-486-g8d68a81214 (console) character file.

Game seed: 942970095153323417

100 jejorda2 the Chopper (level 4, 0/61 HPs)
             Began as a Gnoll Berserker on Aug 7, 2023.
             Was a Believer of Trog.
             Succumbed to an adder's poison
             ... on level 3 of the Dungeon.
             The game lasted 00:04:36 (2062 turns).

jejorda2 the Chopper (Gnoll Berserker)              Turns: 2062, Time: 00:04:37

Health: 0/61       AC:  7    Str: 18    XL:     4   Next: 74%
Magic:  5/5        EV: 11    Int:  6    God:    Trog [**....]
Gold:   59         SH:  0    Dex: 12    Spells: 5/5 levels left

rFire   . . .        a - +0 war axe
rCold   . . .        (no shield)
rNeg    + . .        q - +0 scale mail
rPois   .            (no helmet)
rElec   .            (no cloak)
rCorr   .            (no gloves)
SInv    .            (no boots)
Will    .....        (no amulet) Stlth
                     j - ring of positive energy
HPRegen 0.30/turn    (no ring)
MPRegen 0.09/turn

%: no passive effects
@: berserking, lethally poisoned (0 -> -4), very quick
A: fangs 1, strong nose, distributed training
a: Renounce Religion, Berserk, Trog's Hand


You were on level 3 of the Dungeon.
You worshipped Trog.
Trog was pleased with you.
You visited 1 branch of the dungeon, and saw 3 of its levels.

You collected 127 gold pieces.
You spent 68 gold pieces at shops.

Inventory:

Hand Weapons
 a - a +0 war axe (weapon)
Missiles
 o - 3 poisoned darts
Armour
 q - a +0 scale mail (worn)
Jewellery
 j - a ring of positive energy (left hand)
Scrolls
 b - a scroll of blinking {unknown}
 e - a scroll of poison {unknown}
 h - a scroll of enchant weapon {unknown}
 i - a scroll of vulnerability {unknown}
 p - a scroll of identify {unknown}
Potions
 c - 2 potions of degeneration {unknown}
 f - a potion of attraction {unknown}
 g - 4 potions of curing
 k - a potion of enlightenment {unknown}
 l - a potion of cancellation {unknown}
 m - 2 potions of might {unknown}
 n - a potion of brilliance {unknown}


   Skills:
 + Level 6.6 Fighting
 + Level 1.2 Short Blades
 + Level 1.2 Long Blades
 + Level 6.6 Axes
 + Level 1.2 Maces & Flails
 + Level 1.2 Polearms
 + Level 1.2 Staves
 + Level 1.2 Ranged Weapons
 + Level 1.2 Throwing
 + Level 4.7 Armour
 + Level 4.7 Dodging
 + Level 1.2 Stealth
 + Level 1.2 Shields
 + Level 1.2 Unarmed Combat
 + Level 1.2 Spellcasting
 + Level 1.0 Conjurations
 + Level 1.0 Hexes
 + Level 1.0 Summonings
 + Level 1.0 Necromancy
 + Level 1.0 Translocations
 + Level 1.0 Transmutations
 + Level 1.0 Fire Magic
 + Level 1.0 Ice Magic
 + Level 1.0 Air Magic
 + Level 1.0 Earth Magic
 + Level 1.0 Poison Magic
 + Level 1.4 Invocations
 + Level 1.2 Evocations
 + Level 1.0 Shapeshifting


You had 5 spell levels left.
You didn't know any spells.
Your spell library was empty.

Dungeon Overview and Level Annotations

Branches:
Dungeon (3/15)

Altars:
Makhleb

Shops:
D:2 ==*(


Innate Abilities, Weirdness & Mutations

You have very sharp teeth.
Your uncanny sense of smell can sniff out nearby items.
Your experience applies equally to all skills.


Message History

The bat hits you.
Unknown command.
An orc and an orc priest come into view.
The orc shouts!
The orc priest shouts!
You hear an angry hiss.
The bat closely misses you.
An adder comes into view.
Found 3 poisoned darts.
The adder hisses angrily.
The bat closely misses you.
An orc priest comes into view. It is wielding a +0 club.
The orc priest begins to cast a cantrip, but forgets the words!
The orc priest shouts!
The bat barely misses you.
The orc priest mumbles some strange prayers to Beogh against you.
Pain shoots through your body! The bat hits you but does no damage.
The orc priest mumbles some strange prayers to Beogh against you.
Beogh smites you!
A red film seems to cover your vision as you go berserk!
You feel yourself moving faster!
You feel mighty! The adder misses you. The bat barely misses you.
The orc priest begins to cast a cantrip, but forgets the words!
The adder bites you.
* * * LOW HITPOINT WARNING * * *
You are poisoned.
The adder poisons you!
You slash the bat!
You kill the bat!
Trog accepts your kill.
You hit the adder.
You feel sick.
The orc priest calls down the wrath of Beogh upon you.
Beogh smites you!
* * * LOW HITPOINT WARNING * * *
The adder bites you.
* * * LOW HITPOINT WARNING * * *
Unknown command.
You slash the adder!
You kill the adder!
Trog accepts your kill.
You die...

#..############## ..##
[### ###########
...###########.........#
.#...........#..<......#
.###########.#.........#
.###########.....).....#
.......................#
.#############..@(.....#
.### #....o......# ....#
#............# ..#.#
#...(.oo......# ###
#.......###...# #
#.#####.# ##.. .. ## #.#
.. #.. ..# .#.


You could see 2 orc priests and an orc.

Vanquished Creatures
  3 gnolls (D:3)
  2 adders
  A dart slug (D:2)
  A ball python (D:1)
  5 bats
  4 endoplasms
  4 giant cockroaches
  6 goblins
  5 hobgoblins (D:2)
  7 kobolds
  A quokka (D:3)
  7 frilled lizards
  4 rats
50 creatures vanquished.

Notes
Turn   | Place    | Note
-------+----------+-------------------------------------------
     0 | D:1      | jejorda2 the Gnoll Berserker began the quest for the Orb.
     0 | D:1      | Reached XP level 1. HP: 23/23 MP: 1/1
   204 | D:1      | Reached XP level 2. HP: 29/29 MP: 2/2
   555 | D:2      | Found Zist's Jewellery Shop.
   557 | D:2      | Found Ucewud's Jewellery Shop.
   721 | D:2      | Reached XP level 3. HP: 35/35 MP: 3/3
   796 | D:2      | Reached skill level 1 in Invocations
   829 | D:2      | Found Otan's Weapon Shoppe.
   849 | D:2      | Bought a +0 war axe for 38 gold pieces
   911 | D:2      | Reached ** piety under Trog
  1191 | D:2      | Reached skill level 1 in Short Blades
  1191 | D:2      | Reached skill level 1 in Long Blades
  1191 | D:2      | Reached skill level 1 in Maces & Flails
  1191 | D:2      | Reached skill level 1 in Polearms
  1191 | D:2      | Reached skill level 1 in Staves
  1191 | D:2      | Reached skill level 1 in Ranged Weapons
  1191 | D:2      | Reached skill level 1 in Throwing
  1191 | D:2      | Reached skill level 1 in Stealth
  1191 | D:2      | Reached skill level 1 in Shields
  1191 | D:2      | Reached skill level 1 in Unarmed Combat
  1191 | D:2      | Reached skill level 1 in Spellcasting
  1191 | D:2      | Reached skill level 1 in Evocations
  1545 | D:2      | Found Ehaewnoe's General Store.
  1549 | D:2      | Bought a potion of curing for 30 gold pieces
  1887 | D:3      | Reached XP level 4. HP: 41/41 MP: 5/5
  1935 | D:3      | Reached skill level 1 in Conjurations
  1935 | D:3      | Reached skill level 1 in Hexes
  1935 | D:3      | Reached skill level 1 in Summonings
  1935 | D:3      | Reached skill level 1 in Necromancy
  1935 | D:3      | Reached skill level 1 in Translocations
  1935 | D:3      | Reached skill level 1 in Transmutations
  1935 | D:3      | Reached skill level 1 in Fire Magic
  1935 | D:3      | Reached skill level 1 in Ice Magic
  1935 | D:3      | Reached skill level 1 in Air Magic
  1935 | D:3      | Reached skill level 1 in Earth Magic
  1935 | D:3      | Reached skill level 1 in Poison Magic
  1935 | D:3      | Reached skill level 1 in Shapeshifting
  1994 | D:3      | Found a burning altar of Makhleb.
  2060 | D:3      | HP: 3/61 [orc priest/divine providence (13)]
  2060 | D:3      | HP: 1/61 [adder (2)]
  2062 | D:3      | Succumbed to an adder's poison

Illustrated notes

Levels and vault maps discovered:
D:1:      shiori_shiawase, layout_rooms, serial_bayou_lagoon_a
D:2:      layout_basic, serial_shops, shop, nicolae_shop_back_alley_shop,
          nicolae_shop_bloodbath_and_beyond, shop
D:3:      layout_rooms, lemuel_round_altar, nicolae_overflow_crystal_walls,
          shapermc_ecumenical_altar_starsandcircs

Skill      XL: |  1  2  3  4 |
---------------+-------------+-----
Invocations    | 1 |  1.4
Short Blades   | 1 |  1.2
Long Blades    | 1 |  1.2
Maces & Flails | 1 |  1.2
Polearms       | 1 |  1.2
Staves         | 1 |  1.2
Ranged Weapons | 1 |  1.2
Throwing       | 1 |  1.2
Stealth        | 1 |  1.2
Shields        | 1 |  1.2
Unarmed Combat | 1 |  1.2
Spellcasting   | 1 |  1.2
Evocations     | 1 |  1.2
Conjurations   | 1 |  1.0
Hexes          | 1 |  1.0
Summonings     | 1 |  1.0
Necromancy     | 1 |  1.0
Translocations | 1 |  1.0
Transmutations | 1 |  1.0
Fire Magic     | 1 |  1.0
Ice Magic      | 1 |  1.0
Air Magic      | 1 |  1.0
Earth Magic    | 1 |  1.0
Poison Magic   | 1 |  1.0
Shapeshifting  | 1 |  1.0
Fighting       | |  6.6
Axes           | |  6.6
Armour         | |  4.7
Dodging        | |  4.7

Action                     |  1- 3 |  4- 6 || total
---------------------------+-------+-------++-------
  Melee: Hand axe          |    87 |       ||    87
         Bite              |    11 |     1 ||    12
         Punch             |     1 |       ||     1
         War axe           |    23 |    19 ||    42
 Invoke: Berserk           |     1 |     2 ||     3
 Armour: Ring mail         |    45 |     3 ||    48
         Scale mail        |       |     2 ||     2
  Dodge: Dodged            |    63 |    17 ||    80

Table legend: (Time is in decaauts)
 A = Elapsed time spent in this place.
 B = Non-inter-level travel time spent in this place.
 C = Inter-level travel time spent in this place.
 D = Time resting spent in this place.
 E = Time spent auto-exploring this place.
 F = Levels seen in this place.
 G = Mean time per level.
                   A        B        C        D        E       F      G
               +--------+--------+--------+--------+--------+-----+--------+
         Total |   2080 |   1898 |    182 |     74 |   1476 |   3 |  693.3 |
       Dungeon |   2080 |   1898 |    182 |     74 |   1476 |   3 |  693.3 |
               +--------+--------+--------+--------+--------+-----+--------+

Top non-repeatable levels by time:
     D:2: 1329 daAuts
     D:1: 551 daAuts
     D:3: 200 daAuts
